Map: 虚空训练第2关

Players

平步青云 - Winner!

  • Race: Terran Terran

玩家2

  • Race: Zerg Zerg

VOD

Have the link to the VOD?

Description

Time

  • Played on: Dec. 25, 2015, 7:15 a.m.
  • Length: 12:12
Show
View Real Time Build Order
Export as new Build Order

平步青云 Terran - Winner!

Build Orders:  

Get SALT Encoding   

  12  0:01  SCV  
  13  0:13  SCV  
  14  0:26  SCV, Supply Depot  
  15  0:48  SCV  
  16  1:00  SCV  
  16  1:01  Barracks  
  17  1:12  SCV  
  18  1:42  Supply Depot  
  18  1:43  SCV  
  19  1:52  Marine  
  20  1:55  Refinery  
  20  2:10  Marine  
  20  2:12  Refinery  
  21  2:19  SCV  
  22  2:28  Marine  
  23  2:31  SCV  
  24  2:43  SCV  
  25  2:46  Marine  
  25  2:49  Engineering Bay  
  26  3:08  SCV  
  27  3:20  SCV  
  27  3:24  Supply Depot  
  28  3:36  Orbital Command  
  28  3:47  Barracks  
  28  3:56  Command Center  
  28  4:03  Marine  
  29  4:23  Barracks Tech Lab  
  29  4:38  Factory  
  29  4:44  Barracks Reactor  
  29  4:47  Marauder  
  31  4:53  Stimpack  
  30  5:08  Marine  
  31  5:15  SCV  
  32  5:25  Supply Depot  
  32  5:27  SCV, Marine x2  
  35  5:31  Marauder  
  35  5:35  Hellion  
  39  5:39  SCV  
  40  5:47  SCV  
  40  5:49  Supply Depot  
  41  5:51  SCV  
  41  5:56  Hellion  
  44  5:59  SCV  
  44  6:03  SCV  
  43  6:11  SCV  
  43  6:12  Marauder  
  43  6:13  Marine x2  
  43  6:15  SCV  
  49  6:23  SCV  
  49  6:24  Hellion  
  52  6:27  SCV  
  52  6:31  Marine x2  
  55  6:34  Marauder  
  55  6:36  SCV  
  55  6:37  Refinery  
  58  6:40  SCV  
  58  6:41  Refinery  
  58  6:47  Factory  
  59  6:52  SCV  
  59  6:54  Marine x2  
  62  7:01  Supply Depot  
  62  7:08  SCV  
  63  7:12  Marine x2  
  65  7:20  SCV  
  66  7:24  Supply Depot  
  67  7:33  Marauder  
  67  7:35  Marine x2  
  70  7:40  Factory Tech Lab  
  70  7:42  Factory Reactor  
  70  7:47  Supply Depot  
  70  7:54  Marauder  
  70  7:58  SCV  
  73  8:03  Marine x2  
  75  8:05  Concussive Shells  
  75  8:08  Terran Infantry Weapons Level 1  
  75  8:10  Supply Depot  
  75  8:11  Siege Tank  
  78  8:31  Hellion  
  78  8:32  Hellion  
  82  8:39  Marine x2  
  82  8:40  Marine  
  85  8:43  Siege Tank  
  88  8:57  Marine x2  
  90  9:03  Supply Depot  
  90  9:06  Marine  
  90  9:07  Command Center  
  91  9:14  Hellion x2  
  91  9:15  Siege Tank, Marine x2  
  100  9:27  Supply Depot  
  100  9:43  Orbital Command  
  100  9:47  Marine x2  
  100  9:49  Marauder  
  100  9:50  Supply Depot  
  100  9:51  Hellion x2  
  100  9:52  Siege Tank  
  111  10:02  Terran Infantry Armor Level 1  
  111  10:12  Supply Depot  
  111  10:13  Marine x2, Marauder  
  99  10:45  Marine x2, Marauder  
  99  10:47  Siege Tank  
  99  10:48  Hellion  
  99  10:49  Hellion  
  105  11:06  Marauder  
  105  11:10  Hellion x2  
  111  11:17  Marine x2  
  113  11:19  Siege Tank  
  116  11:28  Marauder  
  116  11:29  SCV  
  116  11:31  Hellion x2  
  123  11:35  Marine x2  
  125  11:41  SCV  
  126  11:49  Marauder  
  126  11:53  SCV  
Show
View Real Time Build Order
Export as new Build Order

玩家2 Zerg 

Build Orders: Pool First 

Get SALT Encoding   

  12  0:00  Drone  
  13  0:12  Overlord  
  13  0:17  Drone  
  14  0:30  Drone  
  14  0:35  Drone  
  16  0:42  Spawning Pool  
  15  0:45  Drone  
  15  0:48  Extractor  
  15  0:51  Drone  
  16  0:58  Overlord  
  16  1:31  Queen, Zergling x2  
  19  1:33  Roach Warren  
  19  1:34  Extractor  
  19  1:36  Drone  
  18  1:42  Drone  
  18  1:45  Zergling x2  
  20  2:06  Overlord  
  20  2:13  Roach  
  22  2:19  Drone  
  23  2:25  Drone  
  24  2:35  Drone  
  25  2:38  Roach  
  25  2:40  Drone  
  28  2:44  Drone  
  28  2:48  Drone  
  30  2:58  Overlord  
  30  3:09  Roach  
  32  4:52  Zergling x2  
  32  5:07  Zergling x2  
  32  5:31  Lair, Drone  
  32  5:32  Overlord, Roach  
  35  5:36  Drone  
  35  5:38  Hatchery  
  35  5:40  Drone  
  36  5:44  Drone  
  37  5:59  Zergling x2  
  30  6:17  Roach  
  32  6:29  Overseer x2  
  32  6:31  Hydralisk Den  
  32  6:32  Drone  
  32  6:36  Roach  
  34  6:51  Drone  
  35  6:55  Drone, Roach  
  35  6:59  Drone  
  35  7:01  Extractor  
  38  7:03  Drone  
  38  7:08  Drone  
  40  7:09  Extractor  
  40  7:12  Drone, Hydralisk  
  42  7:16  Drone  
  42  7:21  Drone  
  44  7:25  Drone  
  44  7:29  Drone  
  46  7:31  Hydralisk  
  46  7:33  Drone  
  49  7:38  Drone  
  49  7:42  Drone  
  51  7:46  Drone  
  51  7:51  Drone  
  53  7:52  Overlord  
  53  7:55  Drone  
  54  7:59  Drone  
  54  8:03  Drone  
  56  8:08  Drone  
  56  8:12  Drone  
  58  8:16  Drone  
  59  8:21  Drone  
  59  8:22  Overlord  
  59  8:25  Drone  
  61  8:29  Drone  
  61  8:34  Drone  
  63  8:36  Overseer  
  63  8:41  Overlord  
  63  10:07  Overlord, Pneumatized Carapace, Overseer  
  63  10:09  Infestation Pit  
  63  10:11  Evolution Chamber  
  61  10:19  Hydralisk  
  63  10:24  Queen  
  63  10:28  Overlord  
  63  10:34  Zergling x2  
  54  10:49  Zergling x2  
  46  10:51  Drone  
  46  10:56  Drone  
  42  10:59  Overlord, Overseer  
  42  11:01  Drone  
  42  11:03  Zergling x2  
  42  11:04  Overseer  
  40  11:05  Drone, Infestation Pit  
  40  11:09  Drone  
  38  11:13  Drone  
  38  11:18  Overlord  
  36  11:22  Evolution Chamber  
  33  11:26  Drone  
  33  11:32  Spawning Pool  
  32  11:33  Drone  
  32  11:37  Drone, Spawning Pool  
  31  11:41  Drone  
  31  11:43  Overlord  
  31  11:46  Drone  
  28  11:52  Drone  
  24  11:58  Spawning Pool  
Tags
 
Add a new tag
Caveats
  • Supply blocks, unpowered buildings, or Contaminate may cause inaccurate times.
  • Supply counts are checked every 10 seconds.